 Dungeon Crawl Stone Soup version 0.28.0-53-g5a82cb258f (webtiles) character file.

Game seed: 4474650680357024879

23 acdeimund the Poker (level 3, 27/27 HPs)
             Began as a Merfolk Gladiator on July 27, 2022.
             Was a Follower of Yredelemnul.
             Quit the game on level 1 of the Dungeon.
             The game lasted 00:02:50 (778 turns).

acdeimund the Poker (Merfolk Gladiator)              Turns: 778, Time: 00:02:51

Health: 27/27      AC:  4    Str: 14    XL:     3   Next: 0%
Magic:  3/3        EV: 13    Int:  7    God:    Yredelemnul [*.....]
Gold:   37         SH:  0    Dex: 17    Spells: 2/2 levels left

rFire   . . .      SeeInvis .   a - +0 trident
rCold   . . .      Faith    .   (no shield)
rNeg    . . .      Spirit   .   b - +0 leather armour
rPois   .          Reflect  .   c - +0 helmet
rElec   .          Harm     .   (no cloak)
rCorr   .          Rampage  .   (no gloves)
Will    .....                   (no boots)
Stlth   ++........              (no amulet)
HPRegen 0.09/turn               (no ring)
MPRegen 0.08/turn               (no ring)

@: no status effects
A: (nimble swimmer 2), mertail
a: Renounce Religion, Recall Undead Harvest


You were on level 1 of the Dungeon.
You worshipped Yredelemnul.
Yredelemnul was noncommittal.
You visited 1 branch of the dungeon, and saw 1 of its levels.

You collected 37 gold pieces.

Inventory:

Hand Weapons
 a - a +0 trident (weapon)
 h - a +2 hunting sling of flaming
Missiles
 d - 3 throwing nets (quivered)
 e - 2 poisoned darts
Armour
 b - a +0 leather armour (worn)
 c - a +0 helmet (worn)
 f - a +2 buckler
Scrolls
 g - a scroll of identify {unknown}


   Skills:
 - Level 2.1 Fighting
 * Level 5.5 Polearms
 - Level 2.0 Throwing
 - Level 4.0 Dodging
 + Level 1.5 Stealth


You had 2 spell levels left.
You didn't know any spells.
Your spell library was empty.

Dungeon Overview and Level Annotations

Branches:
Dungeon (1/15)

Altars:
Yredelemnul


Innate Abilities, Weirdness & Mutations

((You are very nimble when in or above water. (Stealth+, EV+, Speed+++)))
Your lower body shifts to a powerful aquatic tail in water.


Message History

You see here 24 stones.
You reach to attack!
The helpless bat fails to defend itself.
You puncture the bat!
You kill the bat!
You see here 24 stones.
There is an open door here.
There is an open door here.
A goblin comes into view. It is wielding a +0 dagger.
You reach to attack!
You hit the goblin.
The goblin is heavily wounded.
The goblin hits you but does no damage.
You puncture the goblin!
You kill the goblin!
Things that are here:
a +0 dagger; a goblin corpse You see here 24 stones.
A bat comes into view.
A bat is nearby!
The bat hits you but does no damage.
You reach to attack!
You hit the bat.
You kill the bat!
You have reached level 3!
Your experience leads to an increase in your attributes!
Increase (S)trength, (I)ntelligence, or (D)exterity?
You feel agile. x2
Welcome back, acdeimund the Merfolk Gladiator.
Press ? for a list of commands and other information.
Found a runed hunting sling.
You see here a +2 hunting sling of flaming.
h - a +2 hunting sling of flaming
Found a faded altar of an unknown god.
There is a faded altar of an unknown god here.
You cannot tell which god this altar belongs to.
Convert to them anyway?
Okay, then.
You cannot tell which god this altar belongs to.
Convert to them anyway?
Yredelemnul accepts your prayer! Yredelemnul welcomes you!
You can now reap souls.
You can now recall your undead harvest.
Are you sure you want to abandon this character and quit the game? (Confirm with "yes".)

...........♣
#..###...>.......>
######....♣♣
#..##.#.#.#...##..
#.....♣♣
#.................
##♣♣...♣♣
#.###.#.#.#...##.#
♣♣...♣♣#.####...###.###.#
♣♣...♣♣............# #.#
♣♣...♣♣♣####.########.#
♣♣..Z.♣♣ #..........#
♣♣ZZ@Z♣ ############
♣♣..♣♣ ♣♣♣♣


You could see 2 friendly ball python zombies and 2 friendly adder zombies.

Vanquished Creatures
  A ball python (D:1)
  3 goblins (D:1)
  A hobgoblin (D:1)
  2 jackals (D:1)
  3 quokkas (D:1)
  7 bats (D:1)
  3 kobolds (D:1)
20 creatures vanquished.

Notes
Turn   | Place    | Note
-------+----------+-------------------------------------------
     0 | D:1      | acdeimund the Merfolk Gladiator began the quest for the
                  | Orb.
     0 | D:1      | Reached XP level 1. HP: 16/16 MP: 1/1
   110 | D:1      | Reached XP level 2. HP: 22/22 MP: 2/2
   219 | D:1      | Reached skill level 5 in Polearms
   219 | D:1      | Reached skill level 1 in Stealth
   754 | D:1      | Reached XP level 3. HP: 27/27 MP: 3/3
   769 | D:1      | Found a faded altar of an unknown god.
   777 | D:1      | Prayed at the altar of an unknown god.
   777 | D:1      | Became a worshipper of Yredelemnul the Dark
   777 | D:1      | Reached * piety under Yredelemnul
   778 | D:1      | Quit the game

Illustrated notes

Levels and vault maps discovered:
D:1:      dpeg_arrival_short_road, layout_loops_ring,
          hellmonk_ecumenical_altar_the_god_not_taken,
          chequers_serial_rivers_room_b, minmay_tromino_v7

Skill      XL: |  1  2 |
---------------+-------+-----
Polearms       | 5 |  5.5
Stealth        | 1 |  1.5
Fighting       | |  2.1
Throwing       | |  2.0
Dodging        | |  4.0

Action                   || total
-------------------------++-------
Melee: Trident           ||    46
 Stab: Sleeping          ||     2
Armor: Leather armour    ||    16
Dodge: Dodged            ||    22
